 Dungeon Crawl Stone Soup version 0.26-a0-259-g1effd001a9 (webtiles) character file.

Game seed: 16271290265140240181

13325 Craquet the Cleaver (level 11, -3/104 HPs)
             Began as a Minotaur Berserker on July 15, 2020.
             Was a High Priest of Trog.
             Slain by a five-headed hydra (8 damage)
             ... on level 15 of the Dungeon on Nov 12, 2020.
             The game lasted 00:37:01 (11158 turns).

Craquet the Cleaver (Minotaur Berserker)           Turns: 11158, Time: 00:37:07

Health: -3/104     AC: 26    Str: 20    XL:     11   Next: 74%
Magic:  10/10      EV: 14    Int:  3    God:    Trog [*****.]
Gold:   599        SH:  0    Dex: 15    Spells: 10/10 levels left

rFire    + . .     SeeInvis .   T - +3 battleaxe (flame)
rCold    . . .     Faith    .   (shield currently unavailable)
rNeg     + . .     Spirit   .   y - +8 chain mail of the New World {Harm}
rPois    +         Reflect  .   (helmet restricted)
rElec    .         Harm     +   G - +2 ratskin cloak {+Rats rPois rN+ Str-1 Int-1 Dex+1}
rCorr    .                      s - +0 pair of gloves
MR       .....                  r - +0 pair of boots
Stlth    ..........             (no amulet)
HPRegen  0.27/turn              O - ring of protection from fire
MPRegen  0.12/turn              (no ring)

@: no status effects
A: retaliatory headbutt, horns 2
a: Berserk, Trog's Hand, Brothers in Arms, Renounce Religion, Evoke Ratskin


You were on level 15 of the Dungeon.
You worshipped Trog.
Trog was extremely pleased with you.
You were not hungry.

You visited 1 branch of the dungeon, and saw 13 of its levels.

You collected 599 gold pieces.

Inventory:

Hand Weapons
 a - a +0 hand axe
 j - a +0 dagger
 t - a +1 war axe
 Q - a +1 battleaxe
 S - a +4 halberd
 T - a +3 battleaxe of flaming (weapon)
Missiles
 w - 5 silver boomerangs (quivered)
Armour
 b - a +0 animal skin
 c - a +0 cloak
 f - a +0 pair of boots
 k - a +0 scale mail
 n - a +1 hat
 r - a +0 pair of boots (worn)
 s - a +0 pair of gloves (worn)
 u - a +0 chain mail
 y - the +8 chain mail of the New World (worn) {Harm}
   (You found it on level 4 of the Dungeon)

   It increases damage dealt and taken.
 G - the +2 ratskin cloak (worn) {+Rats rPois rN+ Str-1 Int-1 Dex+1}
   (You found it on level 6 of the Dungeon)

   It affects your strength (-1).
   It affects your intelligence (-1).
   It affects your dexterity (+1).
   It protects you from poison.
   It protects you from negative energy.
 H - a +0 buckler
Jewellery
 B - an uncursed ring of stealth
 O - a ring of protection from fire (left hand)
 R - a cursed amulet of faith {unknown}
 V - an uncursed ring of flight {unknown}
Wands
 C - a wand of polymorph (5)
 D - a wand of digging (3)
 F - a wand of iceblast (6)
 P - a wand of acid (7)
 U - a wand of paralysis (3)
Scrolls
 d - 8 scrolls of identify
 l - 3 scrolls of enchant weapon
 m - 4 scrolls of blinking {unknown}
 o - a scroll of immolation {unknown}
 p - 6 scrolls of teleportation {unknown}
 q - a scroll of enchant armour {unknown}
 x - 3 scrolls of magic mapping {unknown}
 z - 2 scrolls of fear {unknown}
 E - a scroll of amnesia {unknown}
 J - a scroll of noise {unknown}
 L - a scroll of torment {unknown}
 M - 2 scrolls of remove curse {unknown}
Potions
 e - a potion of might {unknown}
 g - 3 potions of flight {unknown}
 h - 2 potions of heal wounds {unknown}
 i - 2 potions of resistance {unknown}
 A - 3 potions of curing {unknown}
 I - a potion of lignification {unknown}
 K - 2 potions of brilliance {unknown}
 N - 2 potions of haste
Comestibles
 v - 21 rations


   Skills:
 + Level 11.8 Fighting
 + Level 12.0 Axes
 + Level 11.4 Armour
 + Level 10.4 Dodging


You had 10 spell levels left.
You didn't know any spells.
Your spell library was empty.

Dungeon Overview and Level Annotations

Branches:
Dungeon (12/15)            Temple (0/1) D:5            Lair (0/6) D:8
    Orc (0/2) D:11

Altars:
Ashenzari
Dithmenos
Fedhas
Gozag
Sif Muna
Trog
Uskayaw
Wu Jian
Xom
The Shining One


Innate Abilities, Weirdness & Mutations

You reflexively headbutt those who attack you in melee.
You have a pair of horns on your head.


Message History

The ogre mage gestures wildly while chanting.
The ogre mage seems to speed up.
A two-headed ogre comes into view.
It is wielding a +0 giant club and a +0 dire flail.
A two-headed ogre comes into view.
It is wielding a +0 giant club and a +0 giant spiked club.
The ogre mage points at you and mumbles some strange words.
The bolt of lightning hits you!
* * * LOW HITPOINT WARNING * * *
A five-headed hydra comes into view.
The two-headed ogre shouts in stereo!
The five-headed hydra roars!
The ogre mage casts a spell at you. The bolt of lightning hits you!!
* * * LOW HITPOINT WARNING * * *
Found a ring mail.
Found an escape hatch in the ceiling.
The five-headed hydra closely misses you.
The five-headed hydra barely misses you.
The five-headed hydra completely misses you.
The five-headed hydra bites you.
* * * LOW HITPOINT WARNING * * *
The five-headed hydra bites you!
You die...

.........<.
####..........
##.##..........
#..............
#..............
#...#..........
#....D........
##..O..@......#
#.O####......##
##..###(.......
###O........#.
###O........[.
##.#...........
#.........##.##
#(...†....##..
##(((.......#


You could see a five-headed hydra, a two-headed ogre and an ogre mage (fast).

Vanquished Creatures
  A centaur warrior (D:15)
  6 slime creatures (D:12)
  2 unseen horrors
  Pikel (D:8)
  2 ugly things (D:11)
  A wolf spider zombie (D:15)
  2 centaur skeletons
  A freezing wraith (D:12)
  2 kobold demonologists (D:11)
  A troll (D:9)
  A merfolk (D:11)
  2 hippogriffs
  A vampire (D:11)
  2 wyverns
  Grum (D:8)
  Menkaure (D:4)
  5 orc warriors
  2 black bears (D:7)
  2 ice beasts
  A sky beast (D:10)
  A necrophage (D:10)
  3 phantoms
  11 ogres
  2 wolves (D:8)
  6 centaurs
  Blork the orc (D:4)
  8 bullfrogs
  A big kobold (D:11)
  2 gnoll sergeants
  A water moccasin skeleton (D:11)
  A water moccasin zombie (D:10)
  2 scorpions
  4 wights (D:10)
  5 howler monkeys
  2 bullfrog zombies
  A centaur zombie (D:5)
  A quasit (D:12)
  5 hounds
  6 jellies
  15 orc wizards
  6 orc priests
  A bullfrog skeleton (D:4)
  3 iguanas
  4 worker ants
  3 hell rats (D:6)
  2 hound zombies
  A hound skeleton (D:4)
  2 howler monkey zombies
  9 gnolls
  12 adders
  4 river rats (D:6)
  3 shadow imps
  4 white imps
  An ufetubus (D:9)
  2 oozes (D:2)
  3 adder skeletons
  5 worms
  7 dart slugs
  5 leopard geckos
  55 orcs
  5 bats
  7 goblins
  7 hobgoblins
  4 jackals (D:5)
  7 quokkas
  4 frilled lizards
  11 kobolds
  2 quokka skeletons
  21 rats
315 creatures vanquished.

Notes
Turn   | Place    | Note
-------+----------+-------------------------------------------
     0 | D:1      | Craquet the Minotaur Berserker began the quest for the Orb.
     0 | D:1      | Reached XP level 1. HP: 19/19 MP: 0/0
   138 | D:1      | Reached skill level 4 in Axes
   138 | D:1      | Reached XP level 2. HP: 16/27 MP: 1/1
   831 | D:2      | Reached XP level 3. HP: 33/33 MP: 2/2
  1247 | D:2      | Reached ** piety under Trog
  1757 | D:3      | Reached XP level 4. HP: 41/41 MP: 3/3
  1760 | D:3      | Reached skill level 5 in Axes
  2091 | D:3      | Reached XP level 5. HP: 47/47 MP: 4/4
  2184 | D:3      | Found a shattered altar of Ashenzari.
  2492 | D:3      | Noticed an ogre
  2498 | D:3      | Killed an ogre
  2498 | D:3      | Reached skill level 5 in Fighting
  2858 | D:3      | Reached XP level 6. HP: 56/56 MP: 5/5
  3124 | D:3      | Found an opulent altar of Gozag.
  3220 | D:4      | Reached skill level 6 in Axes
  3375 | D:4      | Noticed Menkaure
  3384 | D:4      | Killed Menkaure
  3425 | D:4      | Noticed Blork the orc
  3440 | D:4      | Killed Blork the orc
  3440 | D:4      | Reached XP level 7. HP: 51/62 MP: 6/6
  3443 | D:4      | Got a scorched chain mail
  3455 | D:4      | Identified the +8 chain mail of the New World {Harm} (You
                  | found it on level 4 of the Dungeon)
  3578 | D:4      | Reached *** piety under Trog
  3578 | D:4      | Reached skill level 5 in Armour
  3805 | D:4      | Identified Nemmakh's Volume of Assistive Transmutation
  3973 | D:5      | Entered Level 5 of the Dungeon
  4013 | D:5      | Found a staircase to the Ecumenical Temple.
  4046 | D:5      | Reached skill level 7 in Axes
  4303 | D:5      | Reached skill level 5 in Dodging
  4303 | D:5      | Reached XP level 8. HP: 68/71 MP: 7/7
  4431 | D:5      | Found a bloodstained altar of Trog.
  5202 | D:6      | Reached **** piety under Trog
  5279 | D:6      | Found the +2 ratskin cloak {+Rats rPois rN+ Str-1 Int-1
                  | Dex+1}
  5713 | D:7      | Reached skill level 8 in Axes
  5799 | D:7      | Reached XP level 9. HP: 43/81 MP: 8/8
  6432 | D:7      | Reached ***** piety under Trog
  6647 | D:8      | Noticed Grum
  6659 | D:8      | Reached skill level 9 in Axes
  6663 | D:8      | Killed Grum
  6898 | D:8      | Found a hide-covered altar of Uskayaw.
  6899 | D:8      | Found a glowing golden altar of the Shining One.
  6899 | D:8      | Found a shimmering altar of Xom.
  6903 | D:8      | Found a blossoming altar of Fedhas.
  7016 | D:8      | Noticed Pikel
  7019 | D:8      | Found a staircase to the Lair.
  7022 | D:8      | Killed Pikel
  7668 | D:9      | Found an ornate altar of the Wu Jian Council.
  7676 | D:9      | Found a shadowy altar of Dithmenos.
  7781 | D:9      | Noticed a troll
  7788 | D:9      | Killed a troll
  7788 | D:9      | Reached XP level 10. HP: 84/91 MP: 9/9
  8248 | D:10     | Entered Level 10 of the Dungeon
  8285 | D:10     | Reached skill level 10 in Axes
  8606 | D:10     | Killed an unseen horror
  8606 | D:10     | Reached skill level 10 in Fighting
  9148 | D:11     | Received a gift from Trog
  9424 | D:11     | Noticed a red ugly thing
  9427 | D:11     | Reached skill level 10 in Armour
  9438 | D:11     | Killed a red ugly thing
  9458 | D:11     | Reached skill level 11 in Axes
  9596 | D:11     | Found a staircase to the Orcish Mines.
  9596 | D:11     | Noticed a red ugly thing
  9624 | D:11     | Killed a red ugly thing
  9624 | D:11     | Reached XP level 11. HP: 86/101 MP: 10/10
  9995 | D:11     | Found a shimmering blue altar of Sif Muna.
 10217 | D:11     | Killed an unseen horror
 10737 | D:12     | Reached skill level 10 in Dodging
 11048 | D:12     | You fall into a shaft and drop 3 floors!
 11048 | D:15     | Entered Level 15 of the Dungeon
 11049 | D:15     | Noticed a centaur warrior
 11066 | D:15     | Killed a centaur warrior
 11105 | D:15     | Received a gift from Trog
 11105 | D:15     | Reached skill level 12 in Axes
 11144 | D:15     | Noticed an ogre mage
 11144 | D:15     | Noticed a two-headed ogre
 11149 | D:15     | Noticed a two-headed ogre
 11151 | D:15     | Noticed a two-headed ogre
 11153 | D:15     | Noticed a five-headed hydra
 11158 | D:15     | HP: 5/104 [five-headed hydra (6)]
 11158 | D:15     | Slain by a five-headed hydra

Illustrated notes

Levels and vault maps discovered:
D:1:      eino_arrival_cavern_c, layout_basic
D:2:      layout_loops_corners
D:3:      layout_loops_corners, evilmike_ruin_ashenzari, marbit_many_paths,
          first_ration
D:4:      layout_loops_ring, uniq_blork_the_orc, uniq_menkaure
D:5:      layout_loops_corners, lemuel_crystal_altar,
          minmay_temple_entry_gardened_gates
D:6:      wander_guarded_unrand_ratskin, layout_rooms
D:7:      layout_basic, st_stairs_11
D:8:      layout_loops_ring, chequers_temple_overflow_statue_of_worship,
          lair_entry_dummy, uniq_pikel, uniq_grum
D:9:      layout_loops_corners, grunt_temple_overflow_open
D:10:     layout_roguey
D:11:     layout_irregular_city, orc_0_dummy, hangedman_fish_farm,
          lemuel_blue_sif_altar
D:12:     layout_roguey, enter_bailey_3, minmay_statue_bubble, uniq_frances
D:15:     gammafunk_enter_depths_forms, layout_cave_pools,
          hangedman_abyss_or_decor_slice

Skill      XL: |  1  2  3  4  5  6  7  8  9 10 11 |
---------------+----------------------------------+-----
Fighting       | 4 5 6 7 9 10 11 | 11.8
Axes           | 4 5 6 7 8 9 11 12 | 12.0
Armour         | 3 4 5 7 8 10 11 | 11.4
Dodging        | 3 4 5 6 7 9 10 | 10.4

Action                   |  1- 3 |  4- 6 |  7- 9 | 10-12 || total
-------------------------+-------+-------+-------+-------++-------
Melee: Hand axe          |    53 |     5 |       |       ||    58
       Headbutt          |    12 |    17 |    67 |    46 ||   142
       War axe           |       |    82 |   287 |       ||   369
       Battleaxe         |       |       |    38 |   184 ||   222
       Halberd           |       |       |       |    48 ||    48
Throw: Boomerang         |       |     3 |       |       ||     3
Invok: Berserk           |       |       |       |     2 ||     2
  Use: Scroll            |       |       |     5 |       ||     5
  Eat: Ration            |     1 |     2 |     3 |     3 ||     9
Armor: Scale mail        |    21 |     2 |       |       ||    23
       Animal skin       |     1 |       |       |       ||     1
       Chain mail        |       |    60 |   184 |   228 ||   472
Dodge: Dodged            |    25 |    45 |   161 |   184 ||   415
Block: Buckler           |       |       |    12 |       ||    12

Table legend:
 A = Non-vault XP
 B = Vault XP
 C = Vault XP percentage of total XP
 D = Non-vault monster count
 E = Vault monster count
 F = Vault count percentage of total count
                 A         B        C        D         E       F
            +---------+---------+-------+---------+---------+-------
      Total |   17076 |    1961 |  10.3 |     283 |      32 |  10.2
            +---------+---------+-------+---------+---------+-------
        D:1 |      32 |       0 |   0.0 |      10 |       0 |   0.0
        D:2 |      62 |       0 |   0.0 |      21 |       0 |   0.0
        D:3 |     299 |       1 |   0.3 |      32 |       1 |   3.0
        D:4 |     531 |     272 |  33.9 |      20 |       2 |   9.1
        D:5 |     460 |       0 |   0.0 |      27 |       0 |   0.0
        D:6 |     397 |     167 |  29.6 |      17 |      21 |  55.3
        D:7 |    1205 |     177 |  12.8 |      29 |       3 |   9.4
        D:8 |     201 |    1051 |  83.9 |       7 |       4 |  36.4
        D:9 |    1156 |       0 |   0.0 |      21 |       0 |   0.0
       D:10 |    2160 |       0 |   0.0 |      26 |       0 |   0.0
       D:11 |    5267 |     293 |   5.3 |      45 |       1 |   2.2
       D:12 |    2737 |       0 |   0.0 |      15 |       0 |   0.0
       D:15 |    2569 |       0 |   0.0 |      13 |       0 |   0.0
            +---------+---------+-------+---------+---------+-------
